 Dungeon Sprint DCSS version 0.32-a0-411-g744942f433 (webtiles) character file.

Game seed: 16377245908615458332

54 shadowstone the Grappler (level 6, -4/39 HPs)
             Began as an Octopode Shapeshifter on Feb 20, 2024.
             Was a Priest of Qazlal.
             Slain by a sky beast (6 damage)
             ... in the Dungeon (Sprint VI: "Thunderdome").
             The game lasted 00:02:29 (421 turns).

shadowstone the Grappler (Octopode Shapeshifter)     Turns: 421, Time: 00:02:30

Health: -4/39      AC:  1    Str: 15    XL:     6   Next: 91%
Magic:  6/6        EV: 14    Int: 12    God:    Qazlal [***...]
Gold:   280        SH:  4    Dex: 12    Spells: 5/5 levels left

rFire   . .          .
                       - Unarmed
rCold   . . .        (no shield)
rNeg    . . .        (helmet currently unavailable)
rPois   .            (no amulet)
rElec   .            (no ring)
rCorr   .            (no ring)
SInv    .            (no ring)
Will    .....        (no ring)
Stlth   ++           (no ring)
HPRegen 0.26/turn    (no ring)
MPRegen 0.10/turn    (no ring)
                     (no ring)

%: no teleportation
@: beast-form
A: beast (slay +4), almost no armour, amphibious, 8 rings, camouflage 1,
gelatinous body 1, (nimble swimmer 1), tentacles
a: Begin Untransformation, Renounce Religion, Upheaval, Elemental Force


You were in the Dungeon.
You worshipped Qazlal.
Qazlal was most pleased with you.
You were a hulking beast.
You visited 1 branch You collected 280 gold pieces.

Inventory:

Talismans
 b - a beast talisman (active)
 c - a flux talisman
Wands
 l - a wand of roots (3) (quivered)
Scrolls
 i - 4 scrolls of blinking
 m - 3 scrolls of fog
Potions
 a - a potion of lignification
 d - a potion of curing
 e - 4 potions of heal wounds
 f - 4 potions of haste
 g - 2 potions of magic
 h - a potion of berserk rage
 j - a potion of resistance


   Skills:
 + Level 2.3 Fighting
 + Level 5.2 Dodging
 + Level 0.1 Shields
 + Level 9.7 Unarmed Combat
 + Level 2.6 Evocations
 + Level 8.9 Shapeshifting


You had 5 spell levels left.
You didn't know any spells.
Your spell library was empty.

Dungeon Overview and Level Annotations

Branches:
Dungeon (1/1)

Altars:
Cheibriados
Dithmenos
Fedhas
Gozag
Kikubaaqudgha
Makhleb
Okawaru
Qazlal
Ru
Sif Muna
Trog
Uskayaw
Vehumet
Wu Jian
Xom
Yredelemnul
Zin
The Shining One
Beogh
Lugonu

Shops:
D *[=??*?*:[((!!!!


Innate Abilities, Weirdness & Mutations

You are a hulking beast.
Your limbs bulge with bestial killing power. (Slay +4)
You cannot wear most types of armour.
You are amphibious.
You can wear up to eight rings at the same time.
Your skin changes colour to match your surroundings (Stealth+).
Your rubbery body absorbs attacks. (AC +1, EV +1)
((You are camouflaged when in or above water. (Stealth+)))
You have tentacles for arms and can constrict up to eight enemies at once.


Message History

You barely miss the sky beast. Your squeeze misses the sky beast.
The sky beast is moderately wounded.
The sky beast hits you. The sky beast shocks you.
You tentacle-slap the sky beast.
Your tentacle-slap misses the sky beast.
The sky beast is moderately wounded.
The sky beast hits you. The sky beast shocks you.
* * * LOW HITPOINT WARNING * * *
You bludgeon the sky beast!
The sky beast is almost dead.
You bludgeon the sky beast!
You kill the sky beast!
Qazlal accepts your kill.
A sky beast comes into view.
Your Dodging skill increases to level 5!
You see here a sky beast corpse.
A sky beast is nearby!
A sky beast is nearby!
A sky beast is nearby!
You are too injured to fight recklessly!
You are too injured to fight recklessly!
You are too injured to fight recklessly! 50...
You see here a sky beast corpse.
You tentacle-slap the sky beast. You squeeze the sky beast.
The sky beast is heavily wounded.
The sky beast hits you.
* * * LOW HITPOINT WARNING * * *
The sky beast shocks you.
* * * LOW HITPOINT WARNING * * *
You bludgeon the sky beast!
Your tentacle-slap misses the sky beast.
Your squeeze misses the sky beast.
The sky beast is almost dead.
The sky beast flickers out of sight!
Deactivating autopickup; reactivate with Ctrl-A.
Something hits you.
* * * LOW HITPOINT WARNING * * *
Something shocks you.
You die...

#∩.......∩# #_......._#
#_......._# #_......._#
###.........###
#⌠...........⌠#
######.ß.........ß.######
##∩___°..{..###......_._∩#
###∩...§..○hß.# #.ß........∩
##.........†~..###...........
#⌠..........###...###........
#⌠..........# #.<.# #........
#⌠....).....###...###........
##.............###...........
###∩.....†..ß.# #.ß........∩
##∩___..†...###......___∩#
######.ß.........ß.######


There were no monsters in sight!

Vanquished Creatures
  A water moccasin (D)
  3 sky beasts (D)
  An adder (D)
  A dart slug (D)
  A ribbon worm (D)
  4 ball pythons (D)
  2 kobolds (D)
  A rat (D)
14 creatures vanquished.

Notes
Turn   | Place    | Note
-------+----------+-------------------------------------------
     0 | D        | shadowstone the Octopode Shapeshifter began the quest for
                  | the Orb.
     0 | D        | Reached XP level 1. HP: 13/13 MP: 1/1
     4 | D        | Found a sacrificial altar of Ru.
     4 | D        | Found a stormy altar of Qazlal.
     5 | D        | Found a radiant altar of Vehumet.
     5 | D        | Round 1.
     6 | D        | Found a glowing silver altar of Zin.
     6 | D        | Found a glowing golden altar of the Shining One.
     7 | D        | Found a corrupted altar of Lugonu.
     7 | D        | Found a bloodstained altar of Trog.
     7 | D        | Found Syeteve's Staff Store.
     7 | D        | Found Seeshin's Magic Scroll Shop.
     8 | D        | Found a shimmering altar of Xom.
     9 | D        | Found Hojass's Must-Have Magic.
     9 | D        | Found Buzxamuf's Magic Scroll Shop.
    10 | D        | Found Reobetsuekh's Distillery.
    14 | D        | Became a worshipper of Qazlal Stormbringer
    19 | D        | Found a hide-covered altar of Uskayaw.
    19 | D        | Found a burning altar of Makhleb.
    19 | D        | Found a shimmering blue altar of Sif Muna.
    19 | D        | Found Ickewine's Do-It-Yourself Clinic.
    20 | D        | Found Beyc's Distillery.
    20 | D        | Found Buluyfoo's Bottled Wisdom.
    24 | D        | Found an opulent altar of Gozag.
    27 | D        | Found an iron altar of Okawaru.
    28 | D        | Found Qufall's Weapon Rack.
    29 | D        | Found Hoimav's Basic Armour.
    29 | D        | Found Tiunel Jimm's Miscellaneous Merchandise.
    30 | D        | Found an ornate altar of the Wu Jian Council.
    30 | D        | Found Qaufaysu's Premium Goods.
    37 | D        | Found an ancient bone altar of Kikubaaqudgha.
    39 | D        | Found a basalt altar of Yredelemnul.
    40 | D        | Found a blossoming altar of Fedhas.
    42 | D        | Found Wurog's Identification Station.
    43 | D        | Found Zigguoma's Advanced Armour.
    43 | D        | Found Heeze's Jewellery.
    44 | D        | Found a roughly hewn altar of Beogh.
    44 | D        | Found a snail-covered altar of Cheibriados.
    44 | D        | Found a shadowy altar of Dithmenos.
    44 | D        | Found Jaggufotiu's Timeless Talismans.
    53 | D        | Reached * piety under Qazlal
    54 | D        | Reached XP level 2. HP: 6/18 MP: 2/2
   109 | D        | Arena points: 12 (+12) [x2]
   175 | D        | Round 2.
   180 | D        | Reached skill level 4 in Unarmed Combat
   235 | D        | Reached ** piety under Qazlal
   260 | D        | Reached skill level 5 in Shapeshifting
   260 | D        | Reached XP level 3. HP: 13/23 MP: 3/3
   292 | D        | Noticed a water moccasin
   298 | D        | Killed a water moccasin
   298 | D        | Reached *** piety under Qazlal
   298 | D        | Arena points: 54 (+42) [x3]
   299 | D        | Reached skill level 7 in Unarmed Combat
   299 | D        | Reached XP level 4. HP: 19/29 MP: 4/4
   299 | D        | Reached XP level 5. HP: 23/34 MP: 5/5
   357 | D        | Round 3.
   365 | D        | Noticed a sky beast
   372 | D        | Killed a sky beast
   373 | D        | Reached skill level 8 in Unarmed Combat
   373 | D        | Reached skill level 1 in Evocations
   373 | D        | Reached XP level 6. HP: 22/39 MP: 6/6
   382 | D        | Noticed a sky beast
   394 | D        | Killed a sky beast
   395 | D        | Reached skill level 9 in Unarmed Combat
   402 | D        | Noticed a sky beast
   412 | D        | Killed a sky beast
   412 | D        | Noticed a sky beast
   413 | D        | Reached skill level 5 in Dodging
   421 | D        | Slain by a sky beast

Illustrated notes

Levels and vault maps discovered:
D:        arena_sprint

Skill      XL: |  1  2  3  4  5  6 |
---------------+-------------------+-----
Shapeshifting  | 4 5 6 7 8 |  8.9
Unarmed Combat | 4 7 8 9 |  9.7
Dodging        | 3 4 5 |  5.2
Fighting       | 2 |  2.3
Evocations     | 1 2 |  2.6
Shields        | |  0.1

Action                     |  1- 3 |  4- 6 || total
---------------------------+-------+-------++-------
  Melee: Unarmed           |    18 |    10 ||    28
         Constrict         |     5 |       ||     5
         Tentacles         |     4 |     2 ||     6
         Punch             |       |     1 ||     1
  Evoke: Wand              |     3 |     4 ||     7
 Armour: Skin              |     8 |     7 ||    15
  Dodge: Dodged            |    17 |     2 ||    19
  Block: Other             |     2 |     1 ||     3

Table legend: (Time is in decaauts)
 A = Elapsed time spent in this place.
 B = Non-inter-level travel time spent in this place.
 C = Inter-level travel time spent in this place.
 D = Time resting spent in this place.
 E = Time spent auto-exploring this place.
 F = Levels seen in this place.
 G = Mean time per level.
                   A        B        C        D        E       F      G
               +--------+--------+--------+--------+--------+-----+--------+
         Total |    418 |    416 |      2 |    223 |      0 |   1 |  418.0 |
       Dungeon |    418 |    416 |      2 |    223 |      0 |   1 |  418.0 |
               +--------+--------+--------+--------+--------+-----+--------+

Top non-repeatable levels by time:
       D: 418 daAuts
